[Event "Team 45 45 League T78"]
[Site "Internet Chess Club"]
[Date "2018.09.29"]
[Round "2"]
[White "Bizzy-Ketty"]
[Black "kllrchris"]
[Result "0-1"]
[WhiteElo "1571"]
[BlackElo "1642"]
[Opening "Sicilian: dragon variation"]
[ECO "B70"]
[Time "18:00:37"]
[TimeControl "2700+45"]

1. e4 c5 2. Nf3 d6 3. d4 cxd4 4. Nxd4 Nf6 5. Nc3 g6 6. Be2 Bg7 7. O-O O-O 8. Bg5
Nc6 9. Nb3 a6 10. f4 b5 11. Bf3 b4 12. Nd5 Nxd5 13. exd5 Na5 14. Nxa5 Qxa5 15.
Qc1 Bb7 16. Bxe7 Rfe8 17. Re1 Bxd5 18. Bxd5 Qxd5 19. Kh1 Rac8 20. a3 bxa3 21.
Rxa3 Bxb2 22. Qxb2 Rxe7 23. Rg1 Qd2 24. Rxa6 Qxf4 25. Qb6 Re6 26. Qb3 Qc4 27.
Qxc4 Rxc4 28. Rc1 Rxc2 29. Raa1 Rxc1+ 30. Rxc1 d5 31. h3 h5 32. Rc8+ Kg7 33. Rd8
Re5 34. Kg1 Rf5 35. g3 Kf6 36. Kg2 Ke5 37. g4 hxg4 38. hxg4 Rg5 39. Kf3 f5 40.
Re8+ Kd4 41. gxf5 Rxf5+ 42. Kg4 Re5 43. Rg8 Ke3 44. Rh8 d4 45. Rh3+ Kd2 46. Kf4
Re2 47. Ra3 d3 48. Kf3 Re8 49. Rb3 Rd8 50. Rb6 Kc2 51. Rxg6 d2 52. Rc6+ Kd3
{White resigns} 0-1

[Event "Team 45 45 League T78"]
[Site "Internet Chess Club"]
[Date "2018.09.26"]
[Round "2"]
[White "mongmong"]
[Black "tryanything"]
[Result "1-0"]
[WhiteElo "1443"]
[BlackElo "1496"]
[Opening "Queen's pawn game"]
[ECO "D04"]
[Time "19:01:08"]
[TimeControl "2700+45"]

1. d4 Nf6 2. Nf3 d5 3. e3 Bf5 4. c4 e6 5. Nc3 c6 6. Nh4 Bg6 7. Nxg6 hxg6 8. Bd2
Bd6 9. g3 Nbd7 10. b3 Qe7 11. Bg2 O-O-O 12. Qe2 Ba3 13. cxd5 exd5 14. Bc1 Rde8
15. Qc2 Bxc1 16. Rxc1 Kb8 17. h3 Nb6 18. Nb1 Qb4+ 19. Qc3 Qxc3+ 20. Rxc3 Ne4 21.
Bxe4 dxe4 22. a4 Nd5 23. Rc4 a5 24. Rc5 b6 25. Rxc6 Rc8 26. Rxc8+ Rxc8 27. Kd2
Nb4 28. Nc3 f5 29. g4 Nd3 30. Rh2 Ne1 31. Rh1 Nf3+ 32. Kc2 Kb7 33. Kb2 Rh8 34.
gxf5 gxf5 35. Nd5 Rh7 36. Ne7 Nh4 37. Rg1 g5 38. Nd5 Rg7 39. Nf4 Nf3 40. Rg3 Rh7
41. Ne6 Rh5 42. Ng7 {Black resigns} 1-0

[Event "Team 45 45 League T78"]
[Site "Internet Chess Club"]
[Date "2018.09.29"]
[Round "2"]
[White "primerpaso"]
[Black "calsal"]
[Result "1-0"]
[WhiteElo "1877"]
[BlackElo "1754"]
[Opening "English: Sicilian reversed"]
[ECO "A25"]
[Time "17:02:17"]
[TimeControl "2700+45"]

1. c4 e5 2. Nc3 Nc6 3. g3 f5 4. Bg2 Nf6 5. e3 g6 6. Nge2 Bg7 7. O-O O-O 8. b3 d6
9. Bb2 Be6 10. d4 Bf7 11. Qd2 e4 12. f3 Re8 13. fxe4 fxe4 14. Rae1 a5 15. Nf4 g5
16. Nh3 h6 17. Nf2 Bg6 18. a3 Qd7 19. h3 h5 20. Qc2 g4 21. h4 Qe7 22. Ne2 Nd8
23. Nf4 Bh7 24. Nd1 c6 25. Nc3 Ne6 26. Nxe6 Qxe6 27. Ne2 d5 28. Nf4 Qd7 29. Rf2
Qd8 30. Ref1 Kh8 31. Bc1 Bg8 32. Ng6+ Kh7 33. Ne5 Be6 34. Qe2 Nd7 35. Nf7 Qe7
36. Ng5+ Kg8 37. Nxe6 Qxe6 38. Rf5 Nf6 39. cxd5 cxd5 40. Qf2 Rf8 41. Qf4 Nd7 42.
Qg5 Rxf5 43. Rxf5 Nf6 44. Bd2 b6 45. Qg6 Re8 46. Rxf6 Qxf6 47. Qxe8+ Qf8 48.
Qxf8+ Bxf8 49. b4 axb4 50. Bxb4 {Black resigns} 1-0

[Event "Team 45 45 League T78"]
[Site "Internet Chess Club"]
[Date "2018.09.30"]
[Round "2"]
[White "julesraider"]
[Black "kabindra"]
[Result "1-0"]
[WhiteElo "1563"]
[BlackElo "1678"]
[Opening "Catalan: closed"]
[ECO "E01"]
[Time "15:00:24"]
[TimeControl "2700+45"]

1. d4 Nf6 2. c4 e6 3. g3 d5 4. Bg2 c6 5. Nf3 Nbd7 6. O-O Be7 7. b3 O-O 8. Nc3
Re8 9. Bb2 a6 10. a4 Rb8 11. Qc2 c5 12. Rfd1 cxd4 13. Nxd4 dxc4 14. bxc4 Qc7 15.
Na2 Nb6 16. Rac1 Bd7 17. a5 Na4 18. Ba1 Qxa5 19. Nb3 Qg5 20. h4 Qh6 21. Bxf6 Ba3
22. Bg5 Qg6 23. Qxg6 hxg6 24. Rxd7 Bxc1 25. Naxc1 Nb6 26. Rc7 f6 27. Be3 Na4 28.
Bxb7 Red8 29. Kg2 Rd1 30. Bxa6 Nc3 31. Rc8+ Rxc8 32. Bxc8 Kf7 33. Bb7 Rd7 34.
Ba6 Nd1 35. Bd2 Nb2 36. Bb4 Ra7 37. Bb5 Rc7 38. Bd6 Rc8 39. c5 Nd1 40. c6 Nc3
41. Ba6 Rxc6 42. Bb4 Rxa6 43. Bxc3 Rc6 44. Bb4 e5 45. Kf3 Rb6 46. Ba5 Rb5 47.
Bc3 Ke6 48. e4 f5 49. Nd2 Rc5 50. Bb2 Rc2 51. Bxe5 Kxe5 52. Nd3+ Kd4 53. exf5
Kxd3 54. Ne4 gxf5 55. Ng5 g6 56. Ne6 Rc4 57. Nf4+ Kd4 58. Nxg6 Kd5 59. h5 Ke6
60. h6 Kf6 61. h7 Rc8 62. h8=Q+ Rxh8 63. Nxh8 Kg7 64. Kf4 Kxh8 65. Kxf5 Kg7 66.
Ke6 Kf8 67. f4 Ke8 68. f5 Kf8 69. f6 Ke8 70. f7+ Kf8 71. g4 {Black resigns} 1-0

[Event "Team 45 45 League T78"]
[Site "Internet Chess Club"]
[Date "2018.09.28"]
[Round "2"]
[White "QuieroAprender"]
[Black "MathBandit"]
[Result "0-1"]
[WhiteElo "1721"]
[BlackElo "1518"]
[Opening "French defense"]
[ECO "C00"]
[Time "21:28:39"]
[TimeControl "2700+45"]

1. e4 e6 2. Nc3 d5 3. exd5 exd5 4. d4 Nf6 5. Bb5+ c6 6. Be2 Bd6 7. h3 O-O 8. Nf3
h6 9. O-O Bf5 10. Bd3 Bxd3 11. Qxd3 Re8 12. Bd2 Qb6 13. b3 Na6 14. Na4 Qc7 15.
Rfe1 Ne4 16. Be3 Nb4 17. Qd1 b5 18. Nc5 Bxc5 19. dxc5 a5 20. a3 Na6 21. Qd4
Naxc5 22. Nd2 Nxd2 23. Bxd2 Ne4 24. Bc1 Qa7 25. Qxa7 Rxa7 26. f3 Nf6 27. Bb2
Rxe1+ 28. Rxe1 Kf8 29. Bd4 Ra8 30. Bc5+ Kg8 31. Bd4 Re8 32. Rc1 Nd7 33. Bc3 a4
34. Kf2 axb3 35. cxb3 Nc5 36. Rb1 Nd3+ 37. Kf1 c5 38. a4 bxa4 39. bxa4 d4 40.
Rd1 Ne5 41. Bb2 Nc4 42. Bxd4 cxd4 43. Rxd4 Ne3+ 44. Kf2 Nf5 45. Rd5 g6 46. g4
Ng7 47. a5 Ra8 48. Ke3 Ne6 49. f4 Nc7 50. Rc5 Na6 51. Rb5 Nb8 52. Rc5 Kg7 53.
Kd4 Ra6 54. Kd5 Kf6 55. Kc4 Rc6 56. Rxc6+ Nxc6 57. a6 Ke6 58. Kc5 Kd7 59. h4 Kc7
60. Kd5 Nb4+ 61. Ke5 Nd3+ 62. Kf6 Nxf4 63. Kxf7 g5 64. hxg5 hxg5 65. Kf6 Nh3 66.
a7 Kb7 67. a8=Q+ Kxa8 68. Ke5 Kb7 69. Ke4 Kc6 70. Ke5 Kc5 71. Ke4 Kd6 72. Kd4
Nf4 73. Ke4 Ke6 74. Kd4 Ne2+ 75. Ke4 Nc3+ 76. Kd4 Nb5+ 77. Ke4 Nd6+ 78. Kd4 Nf7
79. Ke4 Kd6 80. Kf5 Kd5 81. Kg6 Ke4 {White resigns} 0-1

[Event "Team 45 45 League T78"]
[Site "Internet Chess Club"]
[Date "2018.10.01"]
[Round "2"]
[White "Chess4Him"]
[Black "Andressa"]
[Result "1-0"]
[WhiteElo "1542"]
[BlackElo "1367"]
[Opening "Queen's pawn, Mason variation"]
[ECO "D00"]
[Time "21:30:37"]
[TimeControl "2700+45"]

1. d4 d5 2. Bf4 Nf6 3. e3 e6 4. Bd3 Be7 5. Nd2 O-O 6. c3 Nbd7 7. Ngf3 c5 8. Qe2
c4 9. Bc2 Qb6 10. Rb1 h6 11. h3 Nh5 12. Bh2 Bd6 13. Ne5 Nhf6 14. O-O Qc7 15. f4
b5 16. a3 a5 17. Ra1 Bb7 18. Ndf3 b4 19. axb4 axb4 20. cxb4 Bxb4 21. f5 Nxe5 22.
dxe5 Ne4 23. f6 g6 24. Bxe4 dxe4 25. Nd4 c3 26. Nb5 Qb6 27. bxc3 Bc5 28. Nd4 Ba6
29. Rxa6 Rxa6 30. Bf4 h5 31. g4 h4 32. Qf2 Bxd4 33. cxd4 Rfa8 34. Qxh4 {Black
resigns} 1-0

[Event "Team 45 45 League T78"]
[Site "Internet Chess Club"]
[Date "2018.09.29"]
[Round "2"]
[White "az2112"]
[Black "idjit"]
[Result "0-1"]
[WhiteElo "1494"]
[BlackElo "1531"]
[Opening "Queen's pawn: Torre attack"]
[ECO "A46"]
[Time "10:04:05"]
[TimeControl "2700+45"]

1. d4 Nf6 2. Nf3 e6 3. Bg5 h6 4. Bh4 c5 5. e3 d5 6. h3 Nc6 7. c3 Bd6 8. Bd3 Qc7
9. Bxf6 gxf6 10. O-O c4 11. Bc2 Bd7 12. Nbd2 O-O-O 13. e4 Rdg8 14. Kh1 Rg7 15.
Qe2 Rhg8 16. Rg1 Ne7 17. e5 fxe5 18. dxe5 Bc5 19. Nd4 Qb6 20. b3 Bxd4 21. cxd4
Qxd4 22. bxc4 Rxg2 23. cxd5 Rxf2 24. Rxg8+ Nxg8 25. Nb3 Qxa1+ {White resigns}
0-1

[Event "Team 45 45 League T78"]
[Site "Internet Chess Club"]
[Date "2018.09.27"]
[Round "2"]
[White "noblitz-oblige"]
[Black "joaoazm"]
[Result "0-1"]
[WhiteElo "1524"]
[BlackElo "1543"]
[Opening "Sicilian: Taimanov variation"]
[ECO "B48"]
[Time "11:30:14"]
[TimeControl "2700+45"]

1. e4 c5 2. Nf3 e6 3. d4 cxd4 4. Nxd4 Nc6 5. Nc3 Qc7 6. Be3 a6 7. Bd3 Nf6 8. O-O
Nxd4 9. Bxd4 Bc5 10. Bxc5 Qxc5 11. Qe2 d6 12. Rad1 O-O 13. Na4 Qb4 14. b3 Bd7
15. Nb2 Bc6 16. Nc4 d5 17. exd5 Bxd5 18. Ne3 Bc6 19. c4 Rfd8 20. Ng4 Nxg4 21.
Qxg4 Qa5 22. Bxh7+ Kxh7 23. Qh4+ Kg8 {White resigns} 0-1

[Event "Team 45 45 League T78"]
[Site "Internet Chess Club"]
[Date "2018.09.30"]
[Round "2"]
[White "guyd52"]
[Black "chesskix"]
[Result "0-1"]
[WhiteElo "1269"]
[BlackElo "1361"]
[Opening "Réti: King's Indian attack (with ...c5)"]
[ECO "A08"]
[Time "16:00:42"]
[TimeControl "2700+45"]

1. Nf3 d5 2. g3 c5 3. d3 Nf6 4. Bg2 Nc6 5. O-O Bg4 6. Nbd2 e6 7. a3 Bd6 8. Re1
O-O 9. e4 dxe4 10. Nxe4 Nxe4 11. Rxe4 Bh5 12. Rh4 Bg6 13. Bg5 f6 14. Bf4 e5 15.
Be3 Rc8 16. Bh3 Rc7 17. Be6+ Bf7 18. Bxf7+ Rcxf7 19. Nd2 b6 20. Nc4 Be7 21. Qf3
Nd4 22. Bxd4 exd4 23. Qf5 g6 24. Qf3 Rg7 25. Qb7 f5 26. Rh3 Bf6 27. Qc6 Rd7 28.
b4 Kg7 29. Qf3 Re8 30. Kf1 Rde7 31. Qf4 h5 32. bxc5 bxc5 33. Qd2 Re2 34. Qc1 Bg5
35. Qb2 Qd5 36. g4 Qh1# {White checkmated} 0-1

[Event "Team 45 45 League T78"]
[Site "Internet Chess Club"]
[Date "2018.09.27"]
[Round "2"]
[White "kingsrook"]
[Black "Conjurer"]
[Result "0-1"]
[WhiteElo "1124"]
[BlackElo "1293"]
[Opening "Queen's pawn game"]
[ECO "A61"]
[Time "13:01:46"]
[TimeControl "2700+45"]

1. d4 Nf6 2. c4 e6 3. Nc3 c5 4. d5 d6 5. e4 Be7 6. Bd3 O-O 7. Nf3 e5 8. h3 a6 9.
O-O Nbd7 10. b3 h6 11. Bd2 Nh7 12. Qc1 Ndf6 13. Re1 Re8 14. Ne2 Bf8 15. Ng3 Kh8
16. Nf5 Ng8 17. N3h4 g5 18. Nf3 Bd7 19. Nh2 h5 20. g4 h4 21. Nf3 f6 22. Kg2 Nh6
23. Ne3 Bg7 24. Nf5 Nxf5 25. exf5 Re7 26. Be4 b5 27. Nxg5 fxg5 28. Bxg5 Nxg5 29.
Qxg5 Rf7 30. Qh5+ Kg8 31. Qg6 Rf6 32. Qg5 Qe7 33. Qxh4 Rf7 34. Qg3 Bh6 35. Qd3
Bf4 36. Rh1 Qh4 37. Qf3 Rg7 {White forfeits on time} 0-1

[Event "Team 45 45 League T78"]
[Site "Internet Chess Club"]
[Date "2018.10.01"]
[Round "2"]
[White "MathBandit"]
[Black "fireball"]
[Result "0-1"]
[WhiteElo "1505"]
[BlackElo "1603"]
[Opening "French: exchange variation"]
[ECO "C01"]
[Time "20:05:50"]
[TimeControl "2700+45"]

1. e4 e6 2. d4 d5 3. exd5 exd5 4. c4 Nf6 5. Nc3 Bb4 6. Bd3 O-O 7. Nf3 Re8+ 8.
Be3 Ne4 9. Qc2 f5 10. O-O Bxc3 11. bxc3 dxc4 12. Bxc4+ Be6 13. Bd3 Bf7 14. Rfe1
Nd7 15. Nd2 Ndf6 16. Bg5 Nxg5 17. Bxf5 g6 18. Bd3 Qd6 19. Nc4 Bxc4 20. Bxc4+ Kg7
21. h4 Nf7 22. Rab1 b6 23. Qb3 Nh6 24. Bb5 c6 25. Bc4 b5 26. Bd3 Qf4 27. g3 Qf3
28. c4 Nhg4 29. Rf1 Ne4 30. Bxe4 Qxe4 31. d5 Qxc4 32. Qb2+ Nf6 33. dxc6 Qxc6 34.
Rbc1 Qb6 35. Rc2 Rac8 36. Rfc1 Rxc2 37. Rxc2 Qe6 38. Qxb5 Qe1+ 39. Qf1 Qxf1+ 40.
Kxf1 Re7 41. Rc8 Kf7 42. Ra8 Ke6 43. f3 Kd6 44. g4 Nd5 45. Rd8+ Rd7 46. Rf8 Nc3
47. Rf6+ Kc5 48. Ra6 Kb5 49. Ra3 Kb4 50. Rb3+ Kc4 51. Rb2 a5 52. f4 Rd4 53. Rb7
Rxf4+ 54. Ke1 Rxg4 55. Rxh7 Nxa2 56. h5 gxh5 57. Rxh5 a4 58. Rh8 a3 59. Rc8+ Kb3
60. Rb8+ Nb4 61. Rf8 a2 62. Rf3+ Kb2 63. Rf2+ Nc2+ 64. Kd1 a1=Q+ 65. Ke2 Qe1+
66. Kf3 Qe4# {White checkmated} 0-1

[Event "Team 45 45 League T78"]
[Site "Internet Chess Club"]
[Date "2018.09.29"]
[Round "2"]
[White "SuperPuzzler"]
[Black "Chess4Him"]
[Result "1-0"]
[WhiteElo "1360"]
[BlackElo "1533"]
[Opening "Robatsch (modern) defense"]
[ECO "B06"]
[Time "21:30:33"]
[TimeControl "2700+45"]

1. e4 g6 2. d4 Bg7 3. Nf3 d6 4. c4 e5 5. dxe5 dxe5 6. Qxd8+ Kxd8 7. b3 f6 8. Bb2
c6 9. Nc3 Be6 10. O-O-O+ Kc7 11. Be2 Nd7 12. Nd2 Nh6 13. h3 Rad8 14. Nf1 Nf7 15.
Ne3 Nb6 16. Ba3 Bf8 17. Bxf8 Rhxf8 18. f3 f5 19. exf5 gxf5 20. Bd3 Nh6 21. g4
fxg4 22. fxg4 Rf3 23. Kd2 Nf7 24. Ke2 Rf4 25. Ne4 Rd4 26. Nc5 Bc8 27. Bxh7 Ng5
28. Bf5 Nd7 29. Nd3 Rxd3 30. Bxd3 e4 31. Bc2 Ne5 32. Rdf1 Nef3 33. h4 Nd4+ 34.
Kd1 Ngf3 35. h5 Bxg4 36. h6 Nxc2 37. Kxc2 Nd4+ 38. Kc3 Ne2+ 39. Kd2 Rxf1 40.
Rxf1 Ng3 41. Rf7+ Kb6 42. h7 Bh5 43. h8=Q Bxf7 44. Qd4+ Ka6 45. Nc2 e3+ 46. Ke1
e2 47. Nb4+ Ka5 48. Qc5+ b5 49. Nxc6+ Ka6 50. Qxb5# {Black checkmated} 1-0

[Event "Team 45 45 League T78"]
[Site "Internet Chess Club"]
[Date "2018.09.28"]
[Round "2"]
[White "CMAlge"]
[Black "BrerRabbit"]
[Result "0-1"]
[WhiteElo "1257"]
[BlackElo "1365"]
[Opening "Philidor: Improved Hanham variation"]
[ECO "B07"]
[Time "19:02:12"]
[TimeControl "2700+45"]

1. e4 d6 2. d4 Nf6 3. Nc3 e5 4. Nf3 Nbd7 5. Be2 Be7 6. Be3 O-O 7. Qd2 c6 8.
O-O-O b5 9. Rdg1 Qa5 10. Kb1 b4 11. Nd1 Nxe4 12. Qc1 Ba6 13. Bxa6 Qxa6 14. Ng5
Bxg5 15. Bxg5 Nxg5 16. Qxg5 Rfe8 17. dxe5 Rxe5 18. Qg4 Qb7 19. Ne3 Nf6 20. Qd4
Nd5 21. Re1 Nxe3 22. Rxe3 Rxe3 23. fxe3 d5 24. Re1 Re8 25. e4 Qb6 26. Qxb6 axb6
27. e5 Re6 28. Kc1 f6 29. Kd2 Rxe5 30. Re3 Kf7 31. Kd3 Ke6 32. Rh3 h6 33. Rg3
Rg5 34. Re3+ Re5 35. Rg3 Kf7 36. b3 g6 37. Re3 Ke6 38. Rg3 Kf7 39. Re3 h5 40.
Rxe5 fxe5 41. c4 Ke6 42. h4 Kf5 43. cxd5 cxd5 44. Ke3 Kg4 45. Kf2 Kxh4 46. Kf3
Kg5 47. g3 Kf5 {White resigns} 0-1

[Event "Team 45 45 League T78"]
[Site "Internet Chess Club"]
[Date "2018.10.02"]
[Round "2"]
[White "PsyMar"]
[Black "rkjulianjr"]
[Result "1-0"]
[WhiteElo "1290"]
[BlackElo "1272"]
[Opening "Polish (Sokolsky) opening"]
[ECO "A00"]
[Time "11:00:55"]
[TimeControl "2700+45"]

1. b4 e5 2. Bb2 d6 3. c4 Be6 4. e3 Nf6 5. d4 Be7 6. Nf3 Bc8 7. dxe5 dxe5 8.
Qxd8+ Kxd8 9. c5 Nc6 10. Nxe5 Nxe5 11. Bxe5 Re8 12. Nc3 c6 13. Rd1+ Bd7 14. Bc4
Rf8 15. O-O a5 16. b5 Bxc5 17. bxc6 bxc6 18. Na4 Re8 19. Bxf6+ gxf6 20. Nxc5 Re7
21. Nb7+ Kc7 22. Rb1 Rg8 23. Rfd1 Bh3 24. Bf1 Bg4 25. Rd4 Bf5 26. Bd3 Bh3 27. g3
Rb8 28. Nxa5 Rxb1+ 29. Bxb1 Re5 30. Nc4 Rb5 31. Bxh7 Rb1+ 32. Bxb1 {Black
resigns} 1-0

[Event "Team 45 45 League T78"]
[Site "Internet Chess Club"]
[Date "2018.09.27"]
[Round "2"]
[White "Toalla"]
[Black "Just-Jim"]
[Result "1/2-1/2"]
[WhiteElo "1217"]
[BlackElo "1196"]
[Opening "King's pawn opening"]
[ECO "B07"]
[Time "15:40:10"]
[TimeControl "2700+45"]

1. e4 d6 2. d4 h6 3. Nc3 e6 4. Nf3 c6 5. Bd3 Be7 6. O-O c5 7. dxc5 dxc5 8. Be3
Nd7 9. Bc4 a6 10. a4 Nb6 11. Qxd8+ Bxd8 12. Bb3 Nd7 13. Ba2 Ne7 14. Rfd1 O-O 15.
Ne2 Ng6 16. c3 b6 17. Nd2 Nde5 18. h3 a5 19. Nc4 Nxc4 20. Bxc4 Bb7 21. f3 Ne5
22. Bb5 Bc6 23. Bxc6 Nxc6 24. b3 Bf6 25. f4 e5 26. f5 Nd8 27. Rd6 Rb8 28. Ng3 b5
29. axb5 Rxb5 30. Rb1 Be7 31. Rd5 Nb7 32. Rbd1 Rxb3 33. Rxe5 Bd6 34. Red5 Bxg3
35. Bxc5 Nxc5 36. Rxc5 a4 37. Ra5 a3 38. Ra1 Rxc3 39. R5xa3 Rxa3 40. Rxa3 Bd6
41. Rc3 Be5 42. Rd3 Re8 43. g3 Bxg3 44. Rxg3 Rxe4 45. Kg2 Rf4 46. Rf3 Rxf3 47.
Kxf3 f6 48. Kf4 Kf7 49. Kg4 g6 50. h4 Kg7 51. Kf4 h5 52. Kf3 gxf5 53. Kf4 Kg6
54. Kg3 f4+ 55. Kxf4 f5 56. Kg3 Kf6 57. Kf4 Ke6 58. Kg5 Ke5 59. Kxh5 Ke4 60. Kg5
f4 61. h5 f3 62. h6 f2 63. h7 f1=Q 64. h8=Q Qf4+ 65. Kg6 Qf5+ 66. Kg7 {Game
drawn by mutual agreement} 1/2-1/2

[Event "Team 45 45 League T78"]
[Site "Internet Chess Club"]
[Date "2018.10.01"]
[Round "2"]
[White "kingsrook"]
[Black "vedv"]
[Result "1-0"]
[WhiteElo "1137"]
[BlackElo "1040"]
[Opening "QGA: 3.Nf3"]
[ECO "D21"]
[Time "17:00:49"]
[TimeControl "2700+45"]

1. d4 d5 2. c4 dxc4 3. Nf3 Nc6 4. e3 Bf5 5. Bxc4 Nf6 6. Nc3 Nb4 7. O-O Nc2 8.
Rb1 Nxe3 9. Bxe3 Bxb1 10. Qxb1 e6 11. Rd1 Bb4 12. Ne4 Nxe4 13. Qxe4 O-O 14. a3
Bd6 15. d5 exd5 16. Bxd5 c6 17. Bc4 Qc7 18. Qg4 g6 19. h4 h5 20. Qg5 Be7 21. Qf4
Qxf4 22. Bxf4 b5 23. Bb3 c5 24. Ba2 c4 25. Bb1 Rfd8 26. Re1 Bf6 27. Bc1 c3 28.
bxc3 Bxc3 29. Rf1 b4 30. axb4 Bxb4 31. Bg5 Rd5 32. Be4 Rb5 33. Bxa8 a5 34. Rb1
Rb8 35. Be4 Kg7 36. Bd2 f5 37. Bc2 Kf6 38. Bxb4 Rxb4 39. Rxb4 axb4 40. Bb3 Ke7
41. Kf1 Kd6 42. Ke2 Kc5 43. Kd3 Kb5 44. Nd4+ Kc5 45. f3 f4 46. Ne6+ Kb5 47. Nxf4
Ka5 48. Nxg6 Kb5 49. f4 Kc5 50. f5 Kb5 51. f6 Kc5 52. f7 Kb5 53. f8=Q Ka5 54.
Ne5 Kb5 55. Qe8+ Ka5 56. Nc4+ Ka6 57. Qa8+ Kb5 58. Qb7+ Kc5 59. Qe7+ Kd5 60.
Qxb4 Kc6 61. Ne5+ Kc7 62. Qe7+ Kb6 63. Kc4 Ka5 64. Qa7# {Black checkmated} 1-0

[Event "Team 45 45 League T78"]
[Site "Internet Chess Club"]
[Date "2018.09.26"]
[Round "2"]
[White "Balderdash"]
[Black "seattleblues"]
[Result "0-1"]
[WhiteElo "1214"]
[BlackElo "1352"]
[Opening "Caro-Kann: classical variation"]
[ECO "B18"]
[Time "21:00:52"]
[TimeControl "2700+45"]

1. e4 c6 2. d4 d5 3. Nc3 dxe4 4. Nxe4 Bf5 5. Qf3 e6 6. Bd3 Qxd4 7. Ne2 Qb6 8.
O-O Nd7 9. N2g3 Bg6 10. Be3 Qd8 11. Bf4 Be7 12. Nd6+ Bxd6 13. Bxd6 Bxd3 14. Qxd3
Ne7 15. Rad1 Nf6 16. Ne4 Nxe4 17. Qxe4 Nd5 18. c4 Qxd6 19. cxd5 cxd5 20. Qa4+
Qd7 21. Qg4 O-O 22. Rd3 Qb5 23. Rg3 Qxb2 24. Rb3 Qxa2 25. Rxb7 a5 26. Rbb1 Qc4
27. Qg5 a4 28. Rfc1 Qe4 29. Qd2 Rfc8 30. Re1 Qg6 31. Ra1 a3 32. Ra2 Rcb8 33. Qe3
Rb1 34. h3 Rxe1+ 35. Qxe1 Qd3 36. Qb4 Qc4 37. Qb1 g6 38. Qa1 Qc5 39. h4 d4 40.
h5 e5 41. h6 Qc3 42. Qb1 Rc8 43. Kh2 Qc1 44. Qb7 Qxh6+ 45. Kg3 Rc3+ 46. f3 Qg5+
47. Kf2 Qh4+ 48. Ke2 Re3+ 49. Kd2 Qf2+ 50. Kc1 Re1# {White checkmated} 0-1

[Event "Team 45 45 League T78"]
[Site "Internet Chess Club"]
[Date "2018.09.30"]
[Round "2"]
[White "CMAlge"]
[Black "Andaluz"]
[Result "0-1"]
[WhiteElo "1242"]
[BlackElo "1291"]
[Opening "Sicilian: Grand Prix attack"]
[ECO "B21"]
[Time "10:00:36"]
[TimeControl "2700+45"]

1. e4 c5 2. f4 d5 3. exd5 Qxd5 4. Qf3 Qxf3 5. Nxf3 Nc6 6. Bb5 Bd7 7. Nc3 Nf6 8.
O-O e6 9. a3 Be7 10. d3 a6 11. Bc4 b5 12. Ba2 O-O 13. b4 cxb4 14. axb4 Nxb4 15.
Ba3 Rfe8 16. Bxb4 Bxb4 17. Ne4 Nxe4 18. dxe4 Bc3 19. Rad1 Bc6 20. Rd3 b4 21. Nd2
Bxd2 22. Rxd2 Bxe4 23. Rd4 Bxc2 24. Rxb4 Red8 25. Bb3 a5 26. Rb7 Bxb3 27. Rxb3
a4 28. Rb7 a3 29. Ra1 Rd2 30. Rxa3 Rd1+ 31. Kf2 Rad8 32. Ke2 R1d2+ 33. Ke3 g6
34. Raa7 R2d3+ 35. Ke4 R3d4+ 36. Ke5 R8d5+ 37. Kf6 Rxf4+ 38. Ke7 Kg7 39. Ke8
Rdf5 40. Re7 h5 41. Rxe6 Rf6 42. Rxf6 Rxf6 43. Re7 Re6 44. Kd7 Kf6 45. Rxe6+
fxe6 46. Kd6 Kf5 47. h4 e5 48. Kd5 Kf4 49. g3+ Kxg3 50. Kxe5 Kxh4 51. Kf4 g5+
52. Kf3 Kh3 53. Kf2 Kh2 54. Kf3 g4+ 55. Kf4 g3 56. Kg5 g2 57. Kh4 Kh1 {White
resigns} 0-1

[Event "Team 45 45 League T78"]
[Site "Internet Chess Club"]
[Date "2018.09.26"]
[Round "2"]
[White "SeniorCitizen"]
[Black "grekor"]
[Result "0-1"]
[WhiteElo "1188"]
[BlackElo "1127"]
[Opening "Danish gambit"]
[ECO "C21"]
[Time "14:00:50"]
[TimeControl "2700+45"]

1. e4 e5 2. d4 exd4 3. c3 dxc3 4. Bc4 Bc5 5. Nf3 Nf6 6. Nxc3 Bb4 7. Bd2 Bxc3 8.
Bxc3 Nxe4 9. Qd5 Qe7 10. O-O Nxc3 11. Rfe1 Nxd5 12. Bxd5 Nc6 13. Bxc6 dxc6 14.
Rxe7+ Kxe7 {White resigns} 0-1

[Event "Team 45 45 League T78"]
[Site "Internet Chess Club"]
[Date "2018.09.28"]
[Round "2"]
[White "pandaknight"]
[Black "howah45"]
[Result "0-1"]
[WhiteElo "925"]
[BlackElo "1085"]
[Opening "English opening"]
[ECO "A22"]
[Time "21:00:53"]
[TimeControl "2700+45"]

1. c4 e5 2. Nc3 Nf6 3. d3 Nc6 4. e3 d5 5. cxd5 Nxd5 6. g3 Bb4 7. Ne2 Bg4 8. Bd2
Bf3 9. Rg1 Ba5 10. Bg2 Bxg2 11. Rxg2 Nxc3 12. bxc3 Qxd3 13. Qb3 Qa6 14. f4 O-O
15. Qd5 exf4 16. gxf4 Rad8 17. Qg5 g6 18. f5 Qd3 19. Nf4 Qc4 20. fxg6 fxg6 21.
Nxg6 Rf1# {White checkmated} 0-1